[Event "*** Titled Tuesday Blitz"]
[Site "Chess.com"]
[Date "2019.08.06"]
[Round "5"]
[White "Mazanchenko_Dmitry"]
[Black "alturas_pacificas"]
[Result "1-0"]
[WhiteElo "2204"]
[BlackElo "2229"]
[TimeControl "180+2"]
[EndTime "14:07:16 PDT"]
[Termination "Mazanchenko_Dmitry won by resignation"]

1. e4 e5 2. Nf3 Nf6 3. d4 Nxe4 4.
dxe5 d5 5. Bd3 Nc5 6. Be2 Be7 7.
O-O c6 8. h3 O-O 9. Nc3 a5 10. Be3 Nba6 11. Nd4 f6 12. exf6 Bxf6 13. Bg4 Bxg4 14. Qxg4 Qd7 15. a3 Qxg4 16. hxg4 Rae8 17.
Rae1 Ne4 18. Nxe4 Rxe4 19. c3 Bxd4 20. Bxd4 Rfe8 21. Rxe4 Rxe4 22. f3 Re2 23. Rf2 Rxf2 24. Kxf2 a4 25. Bb6 Kf7 26. Ke3 Ke6 27. Kd4 g6 28. f4 Kd6 29. Ba7 c5+ 30. Ke3 Ke6 31.
g5 b5 32. g4 Kd6 33. f5 Ke5 34. f6 Ke6 35. Kf4 b4 36. Bb6 bxa3 37. bxa3 c4 38.
Ke3 Nb8 39. Kd4 Nd7 40. Bc7 h5 41. gxh5 gxh5 42. f7 Kxf7 43. Kxd5 h4 44. Kxc4 h3 45. Bh2 Kg6 46. Kb5 Kxg5 47. Kxa4 Nf6 48. c4 Ng4 49.
Bg3 h2 50. Bxh2 Nxh2 51. c5 Kf5 52. Kb5 Ke6 53. c6 Ng4 54. Kb6 Nf6 55. Kb7 Ne8 56.
a4 Kd5 57. a5 Kc5 58. a6 Nd6+ 59. Kc7 Nb5+ 60. Kb7 Nd6+ 61. Kb8 Kxc6 62. a7 Kd5 63. a8=Q+ Ke5 64. Qc6 Nf5 65. Kc7 Nd4 66. Qd6+ Ke4 67. Kd7 Nf5 68. Qe6+ Kf4 69. Qc4+ Ke5 70. Qc5+ Ke4 71.
Ke6 Nd4+ 72. Kf6 Kd3 73. Ke5 Nf3+ 74. Kd5 Nd2 75. Qd4+ Ke2 76. Qc3 Nb1 77. Qc2+ Nd2 78. Kd4 Ke1 79. Kd3 1-0

[Event "*** Titled Tuesday Blitz"]
[Site "Chess.com"]
[Date "2019.08.06"]
[Round "5"]
[White "GMKrikor"]
[Black "Jbd735"]
[Result "1/2-1/2"]
[WhiteElo "2655"]
[BlackElo "2448"]
[TimeControl "180+2"]
[EndTime "14:07:25 PDT"]
[Termination "Game drawn by stalemate"]

1. c4 c6 2. Nf3 d5 3. d4 Nf6 4. g3 Bf5 5. Bg2 e6 6. Nc3 h6 7.
O-O Nbd7 8. Nd2 Be7 9. e4 dxe4 10. Ndxe4 Nxe4 11. Nxe4 O-O 12. Be3 Nf6 13. Nc3 Rc8 14. h3 Qd7 15. Kh2 Rfd8 16. Qb3 Qc7 17. Rac1 Nd7 18.
Rfd1 Rb8 19. Rd2 e5 20. d5 Nc5 21. Qd1 e4 22. Rcc2 b6 23. dxc6 Rxd2 24. Rxd2 Qxc6 25.
Nd5 Bf8 26. b3 Re8 27. Bd4 Nd3 28. Be3 Bb4 29. Rc2 Bf8 30. Qh5 Bg6 31. Qe2 f5 32. h4 Bd6 33. h5 Bf7 34. Bh3 Bxd5 35. cxd5 Qxd5 36. Kg1 f4 37. gxf4 Bxf4 38. Bg2 Qg5 39.
Kh1 Qh4+ 40. Kg1 Qh2+ 41. Kf1 Bxe3 42. Qxe3 Nf4 43. Qg3 Rd8 44. Rc1 Qxg3 45. fxg3 Nxh5 46. g4 Nf6 47. g5 hxg5 48. Ke2 Rd7 49. Rc8+ Kf7 50.
Ke3 g4 51. Kf4 Rd2 52. Bh1 Rh2 53. Bxe4 Nxe4 54. Kxe4 Rxa2 55. Kf4 Ra3 56. Kxg4 a5 57. Rc3 Kg6 58. Rc6+ Kh7 59. Rxb6 a4 60. bxa4 Rxa4+ 61. Kg5 Ra5+ 62. Kg4 g6 63. Rc6 Kh6 64. Rb6 Ra4+ 65.
Kg3 Kh5 66. Kg2 g5 67. Rb2 Kh4 68. Kg1 Ra3 69. Rb1 Kg3 70. Rc1 g4 71. Rb1 Rc3 72.
Ra1 Kh3 73. Rb1 g3 74. Ra1 Rc2 75. Rb1 Rg2+ 76. Kh1 Rh2+ 77. Kg1 Ra2 78. Rc1 Ra3 79. Rb1 g2 80. Rc1 Rf3 81. Rd1 Kg3 82. Rd3 Rxd3 1/2-1/2

[Event "*** Titled Tuesday Blitz"]
[Site "Chess.com"]
[Date "2019.08.06"]
[Round "5"]
[White "Schachspielerr"]
[Black "Bladel"]
[Result "1/2-1/2"]
[WhiteElo "2651"]
[BlackElo "2444"]
[TimeControl "180+2"]
[EndTime "14:07:50 PDT"]
[Termination "Game drawn - insufficient material"]

1. d4 e6 2. c4 b6 3. e4 Bb7 4. Bd3 f5 5. exf5 Bxg2 6. Qh5+ g6 7.
fxg6 Bg7 8. gxh7+ Kf8 9. hxg8=Q+ Kxg8 10. Qg4 Bxh1 11. Bg5 Qf8 12. Nc3 Nc6 13. O-O-O Nxd4 14.
Be4 Bxe4 15. Nxe4 Kh7 16. Qh5+ Kg8 17. Qg6 Qf7 18. Nf6+ Kf8 19. Qxf7+ Kxf7 20. Rxd4 Kg6 21. Rxd7 Bxf6 22. Bf4 Rh4 23. Ne2 Bg5 24. Bxg5 Kxg5 25. Rxc7 Rf8 26. Rg7+ Kh6 27. Re7 Rxc4+ 28. Kd2 Rxf2 29.
Rxe6+ Kh5 30. Re7 Rcf4 31. Kd3 Rf7 32. Re5+ Kh4 33. Kc3 Kh3 34. Kb3 a5 35. Nc3 Kxh2 36.
Re6 Rb7 37. a4 Kg1 38. Nd5 b5 39. axb5 Rxb5+ 40. Kc4 Rbxb2 41. Ra6 Rfc2+ 42. Nc3 Rb4+ 43. Kd3 Rg2 44. Rxa5 Rb3 45. Kc4 Rb8 46. Ra1+ Kh2 47.
Nd5 Rc8+ 48. Kb4 Rg4+ 49. Kb5 Rg5 50. Rd1 Re5 51. Kb6 Rd8 52. Kc6 Kg3 53. Rd3+ Kf2 54.
Nf4 Rf8 55. Nd5 Ke2 56. Kd6 Rh5 57. Rd4 Rd8+ 58. Kc6 Ke1 59. Re4+ Kd2 60. Rd4+ Kc1 61. Rc4+ Kb2 62. Rd4 Rh6+ 63. Kc5 Rc8+ 64. Kb5 Rh7 65. Nb6 Rh5+ 66. Rd5 Rh4 67. Nxc8 Kc3 68. Nd6 Rd4 69. Rc5+ Kd3 70. Nf5 Rf4 71. Re5 Re4 72. Rd5+ Kc3 73. Kc5 Rc4+ 74. Kd6 Re4 75. Rc5+ Rc4 76.
Ra5 Re4 77. Kd5 Rg4 78. Ra1 Rb4 79. Rf1 Rb5+ 80. Ke4 Rb4+ 81. Ke3 Kc4 82. Rc1+ Kd5 83. Rc3 Rb1 84. Ng3 Re1+ 85. Ne2 Rh1 86. Ra3 Rh3+ 87.
Kd2 Rxa3 88. Nc3+ Kc4 89. Ne2 Ra2+ 90. Ke3 Ra3+ 91. Kd2 Kd5 92. Nc3+ Kd4 93. Nb5+ Kc5 94. Nxa3 1/2-1/2

[Event "*** Titled Tuesday Blitz"]
[Site "Chess.com"]
[Date "2019.08.06"]
[Round "5"]
[White "IakovUlivar"]
[Black "daro94"]
[Result "1/2-1/2"]
[WhiteElo "2522"]
[BlackElo "2681"]
[TimeControl "180+2"]
[EndTime "14:08:13 PDT"]
[Termination "Game drawn - insufficient material"]

1. e4 g6 2. d4 Bg7 3. Nf3 d6 4. Bd3 a6 5. h3 Nd7 6. O-O e5 7. c3 Ne7 8. Be3 O-O 9. dxe5 dxe5 10. Qc1 f5 11. Bc4+ Kh8 12. Ng5 Nf6 13. exf5 Qe8 14. Ne6 Bxe6 15. fxe6 Ned5 16. Bc5 Qxe6 17. Bxf8 Rxf8 18.
Nd2 c6 19. Nf3 e4 20. Nd4 Qe5 21. Bxd5 Nxd5 22. Qd1 h5 23. Re1 e3 24. Nf3 exf2+ 25.
Kxf2 Qc7 26. Qe2 Qb6+ 27. Kf1 Bh6 28. c4 Ne3+ 29. Kg1 Nc2+ 30. Qf2 Qxf2+ 31. Kxf2 Nxa1 32.
Rxa1 Bg7 33. Rb1 Bd4+ 34. Ke2 Re8+ 35. Kd3 Bf6 36. b3 Kg7 37. Re1 Rd8+ 38. Kc2 a5 39.
g4 hxg4 40. hxg4 Kf7 41. Ne5+ Bxe5 42. Rxe5 a4 43. g5 axb3+ 44. axb3 b6 45. b4 Rd4 46. Kc3 Rg4 47. b5 c5 48. Kd3 Rd4+ 49. Kc3 Rf4 50. Kd3 Rd4+ 51. Kc3 Rh4 52. Kd3 Rf4 53. Rd5 Ke6 54. Rd8 Ke5 55. Rd5+ Ke6 56. Rd8 Rg4 57. Rb8 Rxg5 58. Rxb6+ Ke5 59. Rb8 Rg3+ 60. Kc2 Kd4 61. b6 Kxc4 62. b7 Rb3 63. Rg8 Rxb7 64. Rxg6 Rf7 65. Rg4+ Kb5 66. Rh4 Rf2+ 67. Kc3 Rf3+ 68. Kc2 Re3 69. Rg4 Rh3 70. Rf4 Rh2+ 71. Kc3 Rh1 72.
Rg4 Rc1+ 73. Kb3 Rb1+ 74. Kc2 Ra1 75. Kb2 Re1 76. Kc3 Rd1 77. Kc2 Rh1 78. Kc3 Rc1+ 79. Kb2 Rd1 80. Kc2 Rd8 81. Kc3 Rd5 82. Rh4 Rd6 83. Rh8 Kc6 84. Rc8+ Kd5 85. Rh8 Rf6 86. Rh5+ Kc6 87. Rh8 Rf3+ 88. Kc4 Rf4+ 89. Kc3 Rf3+ 90.
Kc4 Rf4+ 91. Kc3 Kd5 92. Rd8+ Ke4 93. Kc4 Rf5 94. Re8+ Kf4 95. Rc8 Ke4 96. Rxc5 Rxc5+ 97. Kxc5 1/2-1/2

[Event "*** Titled Tuesday Blitz"]
[Site "Chess.com"]
[Date "2019.08.06"]
[Round "5"]
[White "severomorskij"]
[Black "Kimster98"]
[Result "0-1"]
[WhiteElo "2831"]
[BlackElo "2615"]
[TimeControl "180+2"]
[EndTime "14:09:18 PDT"]
[Termination "Kimster98 won by resignation"]

1. d4 Nf6 2. Bg5 Ne4 3. Bf4 d5 4. f3 Nf6 5. e4 dxe4 6. Nc3 exf3 7.
Nxf3 c6 8. Bc4 Nd5 9. Qd2 e6 10. O-O Bd6 11. Bxd6 Qxd6 12. Ne4 Qe7 13. Bd3 Nd7 14.
c4 N5f6 15. Rae1 Nxe4 16. Bxe4 Nf6 17. Ne5 O-O 18. Bb1 c5 19. d5 exd5 20. Ng6 Qd6 21. Nxf8 Kxf8 22. cxd5 Qxd5 23. Qxd5 Nxd5 24. Bxh7 Nf6 25.
Bf5 Bxf5 26. Rxf5 b6 27. Rd1 Re8 28. Kf1 Ng4 29. Rfd5 Ne3+ 30. Kf2 Nxd1+ 31. Rxd1 Ke7 32. h4 Rd8 33. Re1+ Kf6 34. Re2 c4 35. Kf3 Rd3+ 36. Ke4 b5 37. g4 g6 38. Rf2+ Kg7 39. Rh2 Rd1 40. a3 a6 41. Ke5 Rg1 42. g5 Rd1 43. Ke4 Rd3 44. Ke5 c3 45. bxc3 Rxc3 46. Ra2 Rb3 47. a4 Rh3 48. axb5 axb5 49. Rb2 Rxh4 50. Rxb5 Rg4 51. Kd6 Rf4 52. Rb1 Rg4 53. Rb5 Re4 54. Ra5 Re1 55. Rb5 Re6+ 56. Kd5 Re7 57.
Kd4 f6 58. Kd3 Kf7 59. gxf6 Kxf6 60. Rb1 g5 61. Rg1 Kg6 62. Kd2 Kf5 63. Rf1+ Kg4 64.
Rg1+ Kf4 65. Rf1+ Kg3 66. Rg1+ Kh4 67. Rh1+ Kg4 68. Rg1+ Kh5 69. Rh1+ Kg6 70. Rg1 Re4 71. Kd3 Re5 72. Kd4 Re2 73. Kd3 Re8 74. Kd4 Re7 75. Kd3 Re5 76. Kd4 Re8 77. Kd3 Kf5 78. Rf1+ Kg4 79.
Rg1+ Kf4 80. Rf1+ Kg3 81. Rg1+ Kh4 82. Rh1+ Kg4 83. Rg1+ Kh5 84. Rh1+ Kg6 85. Rg1 Re7 86. Kd4 Re2 87. Kd3 Re6 88. Kd4 Rf6 89. Ke3 Rf5 90. Ke4 Rf4+ 91. Ke3 Kf5 92. Ke2 g4 93.
Rf1 g3 94. Rh1 Kg4 95. Rh8 Rf2+ 96. Ke3 Rf3+ 97. Ke2 Rf7 98. Rg8+ Kh3 99. Rh8+ Kg2 100. Rg8 Kh2 101. Rh8+ Kg1 102. Rg8 g2 103. Rh8 Rf5 104. Rh7 Re5+ 105. Kf3 Kf1 106. Ra7 g1=Q 107. Ra1+ Re1 0-1

[Event "*** Titled Tuesday Blitz"]
[Site "Chess.com"]
[Date "2019.08.06"]
[Round "6"]
[White "daro94"]
[Black "S-Fazulyanov"]
[Result "1-0"]
[WhiteElo "2686"]
[BlackElo "2455"]
[TimeControl "180+2"]
[EndTime "14:18:07 PDT"]
[Termination "daro94 won by resignation"]

1. Nf3 d5 2. b3 Nf6 3. Bb2 e6 4. d4 Bd6 5. e3 b6 6. Nbd2 Bb7 7.
Bd3 O-O 8. Ne5 Ne4 9. O-O f6 10. Nef3 c5 11. c4 Nd7 12. Rc1 Qe7 13. cxd5 exd5 14.
Nxe4 dxe4 15. Bc4+ Kh8 16. Nh4 g6 17. Qg4 cxd4 18.
exd4 f5 19. Qh3 Kg7 20. Be6 Nf6 21. d5 Ba3 22. Bxa3 Qxa3 23. Rc7+ 1-0

[Event "*** Titled Tuesday Blitz"]
[Site "Chess.com"]
[Date "2019.08.06"]
[Round "6"]
[White "Parhamov"]
[Black "LuckyTiger"]
[Result "1-0"]
[WhiteElo "2957"]
[BlackElo "2674"]
[TimeControl "180+2"]
[EndTime "14:18:22 PDT"]
[Termination "Parhamov won by resignation"]

1. Nf3 Nf6 2. c4 c5 3. b3 g6 4.
Bb2 Bg7 5. g3 b6 6. Bg2 Bb7 7. O-O O-O 8. d4 cxd4 9. Qxd4 d6 10. Rd1 Nc6 11. Qf4 Rc8 12. Nc3 Qd7 13. Rac1 Rfe8 14.
Ba1 Qg4 15. Qd2 h5 16. h3 Qd7 17.
e4 Nh7 18. Nd5 e6 19. Bxg7 Kxg7 20. Nc3 Red8 21. e5 Ne7 22. exd6 Nf5 23. Ne5 Qxd6 24. Qxd6 Nxd6 25. Rxd6 Rxd6 26. Bxb7 Rcd8 27. b4 h4 28. c5 bxc5 29. bxc5 Rd4 30. Nc6 hxg3 31. fxg3 Ng5 32. Nxd8 Rxd8 33. c6 Nf3+ 34. Kg2 Ne5 35. c7 1-0

[Event "*** Titled Tuesday Blitz"]
[Site "Chess.com"]
[Date "2019.08.06"]
[Round "6"]
[White "area_5"]
[Black "wonderfultime"]
[Result "0-1"]
[WhiteElo "2582"]
[BlackElo "2864"]
[TimeControl "180+2"]
[EndTime "14:18:35 PDT"]
[Termination "wonderfultime won by resignation"]

1. e4 c5 2. Nf3 Nf6 3. Nc3 d5 4. exd5 Nxd5 5. Bc4 Nb6 6. Bb5+ Bd7 7. Qe2 e6 8. O-O Be7 9. a4 O-O 10. a5 Nd5 11.
Nxd5 exd5 12. b3 Bf6 13. Ra4 Nc6 14. Ba3 Re8 15. Qd3 a6 16. Bxc6 Bxc6 17. Rf4 Qxa5 18. Rxf6 gxf6 19. Bb2 d4 20. Nh4 Be4 21. Qg3+ Bg6 22.
Qf4 Re6 0-1

[Event "*** Titled Tuesday Blitz"]
[Site "Chess.com"]
[Date "2019.08.06"]
[Round "6"]
[White "FredddieCroderg"]
[Black "maciek_92"]
[Result "0-1"]
[WhiteElo "2159"]
[BlackElo "2749"]
[TimeControl "180+2"]
[EndTime "14:18:43 PDT"]
[Termination "maciek_92 won by resignation"]

1. d4 f5 2. Bg5 g6 3. Nc3 Bg7 4. e4 fxe4 5. Nxe4 d5 6. Ng3 c5 7.
Nf3 Nc6 8. Bb5 Qa5+ 9. c3 Qxb5 10. dxc5 Qxc5 11. O-O Nf6 12. Re1 O-O 13. Qb3 e5 14.
Rad1 Be6 15. Be3 Qe7 16. Ng5 Rad8 17. Nxe6 Qxe6 18. Bc5 Rf7 19. f4 e4 20. Kh1 b6 21.
Bg1 h5 22. Nf1 h4 23. Ne3 Ne7 24. Nc2 Nf5 25. Qa3 Bf8 26. Qa4 Rh7 27. Nb4 Ng3+ 28.
hxg3 hxg3+ 29. Bh2 Rxh2+ 30. Kg1 Bc5+ 31. Kf1 Qg4 0-1

[Event "*** Titled Tuesday Blitz"]
[Site "Chess.com"]
[Date "2019.08.06"]
[Round "6"]
[White "julinha97"]
[Black "chessbia"]
[Result "1-0"]
[WhiteElo "2232"]
[BlackElo "2237"]
[TimeControl "180+2"]
[EndTime "14:19:03 PDT"]
[Termination "julinha97 won by resignation"]

1. e4 c6 2. d4 d5 3. exd5 cxd5 4. c4 Nc6 5. Nc3 Nf6 6. Bg5 e6 7. Nf3 Bb4 8. cxd5 exd5 9. Bd3 O-O 10. O-O Bg4 11. Bxf6 Qxf6 12. Nxd5 Qh6 13. Nxb4 Nxb4 14. Be2 Rad8 15. h3 Bxh3 16. gxh3 Qxh3 17. Nh2 Rd6 18. Bg4 Rg6 19. Kh1 Qh4 20. Qf3 f5 21. Qb3+ Rf7 22. Rae1 Kf8 23. Qxb4+ 1-0

[Event "*** Titled Tuesday Blitz"]
[Site "Chess.com"]
[Date "2019.08.06"]
[Round "6"]
[White "Shahinyan_ChessMood"]
[Black "qqwow"]
[Result "1-0"]
[WhiteElo "2759"]
[BlackElo "2539"]
[TimeControl "180+2"]
[EndTime "14:19:07 PDT"]
[Termination "Shahinyan_ChessMood won by resignation"]

1. e4 c5 2. Nc3 Nc6 3. Bb5 g6 4.
Bxc6 dxc6 5. f4 Bg7 6. Nf3 Bg4 7. d3 Nf6 8. O-O Qc7 9. Be3 b6 10. Qe1 Bxf3 11. Rxf3 Ng4 12. Bd2 O-O-O 13. h3 Nf6 14. a3 h5 15. b4 Nd7 16. e5 cxb4 17. axb4 Kb7 18. b5 Nb8 19. Re3 e6 20. Re4 Bf8 21. Rea4 a5 22. bxa6+ Ka7 23. Be3 Nd7 24. Rc4 Bc5 25. d4 Be7 26. Nb5+ 1-0

[Event "*** Titled Tuesday Blitz"]
[Site "Chess.com"]
[Date "2019.08.06"]
[Round "6"]
[White "Mbneu"]
[Black "tteshan"]
[Result "1-0"]
[WhiteElo "2271"]
[BlackElo "2168"]
[TimeControl "180+2"]
[EndTime "14:19:08 PDT"]
[Termination "Mbneu won by resignation"]

1. d4 Nf6 2. c4 e6 3. Nc3 Bb4 4. Bg5 Bxc3+ 5. bxc3 d6 6. e4 h6 7. Bxf6 Qxf6 8. Bd3 Nd7 9. Ne2 b6 10. O-O Bb7 11.
f4 c5 12. e5 dxe5 13. fxe5 Qg5 14. Rf2 h5 15. Ng3 h4 16. Ne4 Bxe4 17. Bxe4 Rc8 18.
Qf3 Qh5 19. Bc6 Qxf3 20. Bxd7+ Kxd7 21. Rxf3 Ke7 22. d5 exd5 23. cxd5 Rcd8 24. c4 Rh5 25. Raf1 Rf8 26. e6 Rh6 27. Rxf7+ Rxf7 28. Rxf7+ Ke8 29. Rxa7 h3 30. Rxg7 hxg2 31. Kxg2 Rf6 32. h4 Rf4 33. d6 1-0

[Event "*** Titled Tuesday Blitz"]
[Site "Chess.com"]
[Date "2019.08.06"]
[Round "6"]
[White "canwedoit"]
[Black "Leonid_Starozhilov"]
[Result "0-1"]
[WhiteElo "2430"]
[BlackElo "2700"]
[TimeControl "180+2"]
[EndTime "14:19:26 PDT"]
[Termination "Leonid_Starozhilov won by resignation"]

1. d4 Nf6 2. Bf4 c5 3. d5 e6 4. Nc3 d6 5. e3 e5 6. Bg5 Be7 7. Bb5+ Nbd7 8. a4 O-O 9. Nf3 Ne8 10. Bxe7 Qxe7 11. Nd2 Nc7 12. Bd3 f5 13. e4 Nf6 14.
Qe2 fxe4 15. Ndxe4 Ncxd5 16. Bc4 Be6 17. Ng5 Nxc3 18.
Bxe6+ Qxe6 19. Nxe6 Nxe2 20. Nxf8 Nd4 21. O-O-O Kxf8 22. c3 Nf5 23. f4 e4 24. Rd5 Nxd5 0-1

[Event "*** Titled Tuesday Blitz"]
[Site "Chess.com"]
[Date "2019.08.06"]
[Round "6"]
[White "Jahonas"]
[Black "M1711"]
[Result "0-1"]
[WhiteElo "2384"]
[BlackElo "2548"]
[TimeControl "180+2"]
[EndTime "14:19:27 PDT"]
[Termination "M1711 won by resignation"]

1. d4 Nf6 2. c4 g6 3. Nf3 Bg7 4.
g3 O-O 5. Bg2 d5 6. O-O dxc4 7.
Qc2 Nc6 8. Rd1 Be6 9. Ng5 Nxd4 10. Rxd4 Qxd4 11. Nxe6 fxe6 12. Be3 Qd7 13. Na3 Ng4 14. Nxc4 c6 15. Rd1 Qc7 16. Bf4 Rxf4 17. gxf4 Qxf4 18. Qe4 Qxf2+ 19. Kh1 Qh4 20. Qxe6+ Kh8 0-1

[Event "*** Titled Tuesday Blitz"]
[Site "Chess.com"]
[Date "2019.08.06"]
[Round "6"]
[White "chessdjw"]
[Black "nailbeshirli"]
[Result "1-0"]
[WhiteElo "2667"]
[BlackElo "2640"]
[TimeControl "180+2"]
[EndTime "14:19:41 PDT"]
[Termination "chessdjw won by resignation"]

1. d4 Nf6 2. c4 e6 3. g3 Bb4+ 4.
Bd2 Bxd2+ 5. Qxd2 O-O 6. Bg2 d6 7. Nc3 Qe7 8. e3 e5 9. Nge2 c6 10. O-O-O Bg4 11. h3 Bxe2 12. Nxe2 Nbd7 13. Nc3 a5 14. g4 a4 15. f4 a3 16. b3 exf4 17.
exf4 Rae8 18. Rhe1 Qd8 19. g5 Nh5 20. Bf3 Ng3 21. Qf2 Nf5 22. Bg4 Qa5 23. Qd2 g6 24. d5 c5 25. Bxf5 gxf5 26. Nb5 Qb6 27. Qd3 Rxe1 28. Rxe1 Qa5 29. Kd1 Nb6 30. Nxd6 1-0

[Event "*** Titled Tuesday Blitz"]
[Site "Chess.com"]
[Date "2019.08.06"]
[Round "6"]
[White "vova-79"]
[Black "GelmanAlexander"]
[Result "0-1"]
[WhiteElo "2458"]
[BlackElo "2560"]
[TimeControl "180+2"]
[EndTime "14:19:45 PDT"]
[Termination "GelmanAlexander won by resignation"]

1. d4 Nf6 2. c4 c5 3. d5 b5 4. cxb5 a6 5. bxa6 e6 6. Nc3 exd5 7. Nxd5 Nxa6 8. Bg5 Bb7 9. e4 Be7 10. Nxe7 Qxe7 11.
f3 O-O 12. Nh3 d5 13. Kf2 h6 14. Bxa6 Rxa6 15. Bxf6 Qxf6 16. exd5 Qxb2+ 17. Qe2 Qd4+ 18. Qe3 Qh4+ 19. Ke2 Bxd5 20. Rhc1 Re6 0-1

[Event "*** Titled Tuesday Blitz"]
[Site "Chess.com"]
[Date "2019.08.06"]
[Round "6"]
[White "Micki-taryan"]
[Black "BilodeauA"]
[Result "1-0"]
[WhiteElo "2973"]
[BlackElo "2901"]
[TimeControl "180+2"]
[EndTime "14:19:47 PDT"]
[Termination "Micki-taryan won by resignation"]

1. Nf3 d5 2. g3 Nf6 3. Bg2 c6 4. c4 Bf5 5. O-O e6 6. d3 dxc4 7. dxc4 Qxd1 8. Rxd1 Nbd7 9. Nc3 Be7 10. h3 O-O-O 11.
Bf4 h6 12. g4 Bg6 13. Rac1 Ne4 14. Nb5 cxb5 15. cxb5+ Ndc5 16. Rxd8+ Kxd8 17. Ne5 Bh4 18. Be3 b6 19. b4 Kc7 20. Nxg6 1-0

[Event "*** Titled Tuesday Blitz"]
[Site "Chess.com"]
[Date "2019.08.06"]
[Round "6"]
[White "Drags95"]
[Black "Samantha_Ross"]
[Result "1-0"]
[WhiteElo "2826"]
[BlackElo "2097"]
[TimeControl "180+2"]
[EndTime "14:19:47 PDT"]
[Termination "Drags95 won by resignation"]

1. c4 c5 2. Nc3 b6 3. Nf3 Bb7 4. d4 cxd4 5. Nxd4 Nf6 6. f3 d6 7.
e4 a6 8. Be3 e6 9. Be2 Be7 10.
O-O Qc7 11. Qd2 Nbd7 12. Rfc1 O-O 13. a4 Rfe8 14. a5 bxa5 15. Nb3 Rab8 16. Nxa5 Ba8 17. b4 Rxb4 18. Nb5 axb5 19. cxb5 Nc5 20. Qxb4 Rb8 21.
Nc4 Bc6 22. b6 Qd7 23. Bxc5 dxc5 24. Qc3 Nxe4 25. fxe4 Bxe4 26. Qe5 Rxb6 1-0

[Event "*** Titled Tuesday Blitz"]
[Site "Chess.com"]
[Date "2019.08.06"]
[Round "6"]
[White "Caisachess"]
[Black "NemtsevIgor"]
[Result "1-0"]
[WhiteElo "2315"]
[BlackElo "2312"]
[TimeControl "180+2"]
[EndTime "14:19:52 PDT"]
[Termination "Caisachess won by checkmate"]

1. e4 c6 2. Nc3 d5 3. Nf3 Bg4 4. h3 Bh5 5. g4 Bg6 6. Ne5 d4 7.
Nxg6 hxg6 8. Ne2 e5 9. d3 c5 10. Bg2 Nc6 11. O-O Bd6 12. f4 exf4 13. Bxf4 Bxf4 14.
Nxf4 Ne5 15. Nd5 Nf6 16. Qd2 Nfxg4 17. hxg4 Qh4 18. Qf4 f6 19. Nc7+ Kd7 20. Nxa8 g5 21.
Qf5+ Kd6 22. Rf3 Nxf3+ 23. Qxf3 Rxa8 24. e5+ Kxe5 25. Qd5+ Kf4 26. Qe4+ Kg3 27. Qf3# 1-0

[Event "*** Titled Tuesday Blitz"]
[Site "Chess.com"]
[Date "2019.08.06"]
[Round "6"]
[White "pandamaster3000"]
[Black "LuisFSiles"]
[Result "1/2-1/2"]
[WhiteElo "2301"]
[BlackElo "2201"]
[TimeControl "180+2"]
[EndTime "14:19:53 PDT"]
[Termination "Game drawn by repetition"]

1. e4 e5 2. Nf3 Nc6 3. Bb5 a6 4. Ba4 Nf6 5. d4 exd4 6. O-O Be7 7. Re1 O-O 8. e5 Nd5 9. Nxd4 Nb6 10. Bb3 d5 11. exd6 Bxd6 12. Nxc6 bxc6 13. Nd2 Qh4 14.
h3 Bxh3 15. gxh3 Qxh3 16. Qf3 Bh2+ 17. Kh1 Bg3+ 18. Kg1 Bh2+ 19. Kh1 Bg3+ 20. Kg1 Bh2+ 1/2-1/2

[Event "*** Titled Tuesday Blitz"]
[Site "Chess.com"]
[Date "2019.08.06"]
[Round "6"]
[White "bluejay1897"]
[Black "DiogenesSinopeus"]
[Result "1-0"]
[WhiteElo "2292"]
[BlackElo "2379"]
[TimeControl "180+2"]
[EndTime "14:19:54 PDT"]
[Termination "bluejay1897 won by resignation"]

1. Nf3 Nf6 2. g3 d5 3. Bg2 Bf5 4. O-O e6 5. c4 c6 6. b3 Nbd7 7. Bb2 h6 8. d3 Bh7 9. Nc3 Be7 10.
Re1 O-O 11. Rc1 a5 12. cxd5 exd5 13. e4 dxe4 14. dxe4 Bb4 15. e5 Bxc3 16. Bxc3 Nd5 17. Nd4 Nxc3 18. Rxc3 Re8 19. e6 fxe6 20. Nxe6 Qf6 21. Rce3 Nf8 22. Bh3 Bf5 23. Bxf5 Qxf5 24. Nxg7 1-0

[Event "*** Titled Tuesday Blitz"]
[Site "Chess.com"]
[Date "2019.08.06"]
[Round "6"]
[White "Er_is_geen_hoop_meer"]
[Black "nocnypako"]
[Result "0-1"]
[WhiteElo "2368"]
[BlackElo "2586"]
[TimeControl "180+2"]
[EndTime "14:19:55 PDT"]
[Termination "nocnypako won on time"]

1. b4 b6 2. Bb2 Bb7 3. Nc3 Nf6 4.
e3 e5 5. a3 d5 6. Nf3 e4 7. Nd4 g6 8. h4 Bg7 9. h5 Nxh5 10.
Rxh5 gxh5 11. Nf5 Bf6 12. Qxh5 Nd7 13. O-O-O Ne5 14. d3 exd3 15. Bxd3 Nxd3+ 16. Rxd3 Qd7 17. e4 O-O-O 0-1

[Event "*** Titled Tuesday Blitz"]
[Site "Chess.com"]
[Date "2019.08.06"]
[Round "6"]
[White "Bathory44"]
[Black "Msb2"]
[Result "0-1"]
[WhiteElo "2578"]
[BlackElo "2860"]
[TimeControl "180+2"]
[EndTime "14:19:59 PDT"]
[Termination "Msb2 won by resignation"]

1. e4 c6 2. c4 d5 3. exd5 cxd5 4. cxd5 Nf6 5. Nc3 Nxd5 6. Nf3 Nc6 7. Bb5 e6 8. O-O Be7 9. d4 O-O 10. Re1 Qd6 11. a3 Bd7 12. Ne4 Qc7 13. Bd3 h6 14. Bc2 Rac8 15. Nc5 Nxd4 16. Nxd4 Bxc5 17. Qd3 Nf6 18. Bb3 Qb6 19. Be3 e5 20. Bxh6 Bxd4 21.
Qg6 Ne8 22. Bxg7 Qxg6 23. Re4 Nxg7 0-1

[Event "*** Titled Tuesday Blitz"]
[Site "Chess.com"]
[Date "2019.08.06"]
[Round "6"]
[White "AliKa2810"]
[Black "StephenDedalus83"]
[Result "1-0"]
[WhiteElo "2566"]
[BlackElo "2795"]
[TimeControl "180+2"]
[EndTime "14:20:02 PDT"]
[Termination "AliKa2810 won by resignation"]

1. c4 g6 2. d4 Bg7 3. e4 Nc6 4. Nf3 d6 5. Be2 Bg4 6. Nbd2 Nf6 7. d5 Nb8 8. Qc2 O-O 9. O-O c6 10. h3 Bd7 11. Rb1 a5 12. b3 Na6 13. a3 Rc8 14. dxc6 bxc6 15. Bb2 Rb8 16. Bc3 c5 17. e5 dxe5 18.
Nxe5 Bf5 19. Bd3 Bxd3 20. Nxd3 Qb6 21. Rfd1 Rbd8 22. Nf4 e6 23. Qb2 Ne8 24. Bxg7 Nxg7 25. Ne4 Rd4 26. Nf6+ Kh8 27. Nd7 Rxd1+ 28. Rxd1 Qd8 29.
Rd3 Re8 30. Nf6 Qb8 31. Nxe8 Qxe8 32. Qf6 1-0

[Event "*** Titled Tuesday Blitz"]
[Site "Chess.com"]
[Date "2019.08.06"]
[Round "6"]
[White "vlad_Sid"]
[Black "platy3"]
[Result "0-1"]
[WhiteElo "2589"]
[BlackElo "2870"]
[TimeControl "180+2"]
[EndTime "14:20:05 PDT"]
[Termination "platy3 won by resignation"]

1. c4 c5 2. g3 Nc6 3. Bg2 g6 4. Nc3 Bg7 5. a3 e6 6. b4 d6 7.
Rb1 Nge7 8. Nf3 O-O 9. O-O b6 10.
Qc2 Bb7 11. e3 Rc8 12. b5 Na5 13. d3 d5 14. Rd1 dxc4 15. dxc4 Qc7 16. Ne4 Rcd8 17.
Rxd8 Rxd8 18. Bd2 h6 19. h3 f5 20. Nc3 Nxc4 21. Bc1 Ne5 22. Nxe5 Bxe5 23. Ne2 Bxg2 24. Kxg2 Qb7+ 25. f3 Qd5 26. Bb2 Qd2 27. Qxd2 Rxd2 28. Bxe5 Rxe2+ 29. Kf1 Rxe3 30. Bb8 Rxf3+ 31. Kg2 Rxa3 32.
Re1 Kf7 0-1

[Event "*** Titled Tuesday Blitz"]
[Site "Chess.com"]
[Date "2019.08.06"]
[Round "6"]
[White "Rakesh"]
[Black "Alopekos"]
[Result "1-0"]
[WhiteElo "2443"]
[BlackElo "2479"]
[TimeControl "180+2"]
[EndTime "14:20:12 PDT"]
[Termination "Rakesh won on time"]

1. e4 e5 2. d4 exd4 3. Qxd4 Nc6 4. Qe3 Nf6 5. Nc3 Bb4 6. Bd2 O-O 7. O-O-O Re8 8.
Qg3 Rxe4 9. f3 Re8 10. Bd3 Ne5 11. f4 Nxd3+ 12. Qxd3 d6 13. Nf3 Bg4 14. Rde1 Qd7 15. a3 Bc5 16. h3 Bf5 17. Qc4 Be6 18. Qd3 Qc6 19. f5 Bd7 20. Bg5 Nh5 21. f6 g6 22. Nd5 1-0

[Event "*** Titled Tuesday Blitz"]
[Site "Chess.com"]
[Date "2019.08.06"]
[Round "6"]
[White "Chopper1905"]
[Black "biostatistician"]
[Result "1-0"]
[WhiteElo "2830"]
[BlackElo "2549"]
[TimeControl "180+2"]
[EndTime "14:20:18 PDT"]
[Termination "Chopper1905 won by resignation"]

1. e4 e6 2. Qe2 d5 3. exd5 Nf6 4. dxe6 Bxe6 5. Nf3 Be7 6. Qb5+ Nc6 7. Qxb7 Nb4 8. Na3 O-O 9. Be2 Bc5 10. Qb5 Ne4 11.
d4 Rb8 12. Qa4 Bxd4 13. Nxd4 Qxd4 14. O-O Nc5 15. Qxa7 Rb7 16. Be3 Qxb2 17. Qxc5 Qxa3 18. c3 Nc2 19. Qxa3 Nxa3 20. Bc5 Nc2 21. Rac1 Rb2 22. Bxf8 Kxf8 23. a4 Ra2 24. Bd3 Na3 25. Ra1 1-0